AoeStats
← Lucco

Baltic

510922667Analyzed
3v3 RM · 9h ago on Oct 3, 2026· 41m 28s· 6 players
Game mode
Random Map
Map size
Normal (6 player)
Population
200
Speed
Normal
Resources
Standard
Victory
Conquest
Starting age
Dark Age
Ending age
Imperial Age
RankedLock teamsTeams togetherTeam positionsShared explorationLock speedFull tech treeHidden civsTurbo modeCheats
Victory
Defeat
🇵🇪 Spanish · Peru
1252
+12
🇵🇪 Italians · Peru
1210
+14
🇵🇪 Berbers · Peru
1144
+16
🇲🇽 Britons · Mexico
1215
-16
🇲🇽 Persians · Mexico
1187
-15
🇲🇽 Slavs · Mexico
1088
-11
Lucco
7:24 Loom
9:39 Feudal Age
10:16 Double-Bit Axe
13:50 Fletching
13:51 Town Watch
21:07 Castle Age
20:09 Padded Archer Armor
22:43 Bodkin Arrow
24:11 Leather Archer Armor
24:19 Bow Saw
24:10 Fishing Lines
25:01 Crossbowman
27:13 Pikeman
31:00 Elite Skirmisher
33:59 Ballistics
33:46 Horse Collar
36:07 Treadmill Crane
42:52 Imperial Age
nsr
1:57 Loom
11:21 Feudal Age
14:54 Man-at-Arms
17:03 Wheelbarrow
16:18 Double-Bit Axe
26:15 Castle Age
29:44 Bow Saw
29:17 Horse Collar
29:30 Gold Mining
Carbage
8:31 Loom
10:36 Feudal Age
11:38 Double-Bit Axe
19:57 Castle Age
21:53 Bow Saw
22:46 Medium Warships
28:20 Imperial Age
26:23 Horse Collar
28:08 Wheelbarrow
28:01 Ballistics
28:13 Town Watch
28:41 Fletching
28:51 Padded Archer Armor
31:07 Bloodlines
34:00 Chemistry
34:32 Parthian Tactics
34:32 Bodkin Arrow
37:29 Hand Cart
38:00 Thumb Ring
41:01 Masonry
Chi Jau Kay
2:07 Loom
12:12 Feudal Age
12:53 Double-Bit Axe
16:17 Forging
17:07 Scale Barding Armor
23:40 Castle Age
22:21 Bloodlines
23:53 Light Cavalry
24:41 Husbandry
34:36 Wheelbarrow
34:25 Chain Barding Armor
34:47 Gold Mining
37:25 Hand Cart
41:03 Imperial Age
40:52 Gold Shaft Mining
Licpolu
12:21 Feudal Age
13:42 Man-at-Arms
17:48 Horse Collar
17:57 Double-Bit Axe
19:57 Fletching
25:47 Castle Age
26:16 Forging
30:56 Elite Skirmisher
31:42 Thumb Ring
33:17 Wheelbarrow
32:39 Bodkin Arrow
32:49 Padded Archer Armor
37:48 Imperial Age
38:36 Ballistics
39:20 Leather Archer Armor
39:37 Conscription
40:35 Chemistry
40:05 Loom
Mine Grote
11:37 Feudal Age
15:55 Castle Age
14:11 Horse Collar
14:58 Stone Mining
15:17 Double-Bit Axe
17:21 Wheelbarrow
18:25 Loom
20:11 Bow Saw
19:54 Gold Mining
23:05 Heavy Plow
27:36 Husbandry
30:38 Stone Shaft Mining
33:06 Imperial Age
31:33 Bloodlines
31:49 Padded Archer Armor
33:09 Elite Conquistador
34:50 Leather Archer Armor
37:49 Ring Archer Armor
39:03 Ballistics
40:14 Conscription
41:24 Two-Man Saw
41:39 Chemistry
Connection lost

Rejoining the realm…

Still unreachable

The connection could not be restored.

Session expired

The server has moved on; the page needs a fresh start.